 Dungeon Crawl Stone Soup version 0.28.0-47-ge53b351184 (webtiles) character file.

Game seed: 2628494239589223919

58 Gabide the Grave Robber (level 3, -9/26 HPs)
             Began as a Mummy Necromancer on May 5, 2022.
             Was a Believer of Lugonu.
             Killed from afar by Ijyb (13 damage)
             ... with an iceblast
             ... on level 3 of the Dungeon.
             The game lasted 00:05:38 (3013 turns).

Gabide the Grave Robber (Mummy Necromancer)         Turns: 3013, Time: 00:05:39

Health: -9/26      AC:  2    Str: 11    XL:     3   Next: 75%
Magic:  0/7        EV: 12    Int: 16    God:    Lugonu [**....]
Gold:   100        SH:  0    Dex: 12    Spells: 4/8 levels left

rFire   x . .      SeeInvis .   f - +0 trident
rCold   + . .      Faith    .   (no shield)
rNeg    + + +      Spirit   .   a - +0 robe
rPois   ∞          Reflect  .   (no helmet)
rElec   .          Harm     .   (no cloak)
rCorr   .          Rampage  .   (no gloves)
Will    .....                   (no boots)
Stlth   ++........              (no amulet)
HPRegen 0.08/turn               (no ring)
MPRegen 0.10/turn               (no ring)

@: no status effects
A: cold resistance 1, negative energy resistance 3, torment resistance 2, heat
vulnerability 1, no potions
a: Renounce Religion, Depart the Abyss, Bend Space


You were on level 3 of the Dungeon.
You worshipped Lugonu.
Lugonu was pleased with you.
You visited 1 branch of the dungeon, and saw 3 of its levels.

You collected 100 gold pieces.

Inventory:

Hand Weapons
 f - a +0 trident (weapon)
Armour
 a - a +0 robe (worn)
Scrolls
 b - a scroll of identify {unknown}
 c - a scroll of enchant armour {unknown}
 d - a scroll of amnesia
 e - a scroll of fear {unknown}
 g - a scroll of immolation {unknown}


   Skills:
 * Level 1.4 Fighting
 * Level 2.1 Dodging
 - Level 1.5 Stealth
 * Level 3.4 Spellcasting
 * Level 4.3 Necromancy
 + Level 0.2 Invocations


You had 4 spell levels left.
You knew the following spells:

 Your Spells              Type           Power      Damage    Failure   Level
a - Pain                  Necr           64%        1d7       3%          1
b - Vampiric Draining     Necr           16%        2d7       9%          3

Your spell library contained the following spells:

 Spells                   Type           Power      Damage    Failure   Level
 Animate Skeleton         Necr           32%        N/A       3%          1
 Animate Dead             Necr           8%         N/A       30%         4
 Agony                    Necr           16%        N/A       63%         5


Dungeon Overview and Level Annotations

Branches:
Dungeon (3/15)

Altars:
Lugonu

Annotations:
D:3 Ijyb


Innate Abilities, Weirdness & Mutations

You are immune to poison.
Your flesh is cold resistant. (rC+)
You are immune to negative energy. (rN+++)
You are immune to unholy pain and torment.
You are vulnerable to heat. (rF-)
You do not drink.


Message History

Casting: Pain (safe; 3% risk of failure)
Confirm with . or Enter, or press ? or * to list all spells.
The spell is quite dangerous to miscast (9% risk of failure)!
Continue anyway?
Aiming: Vampiric Draining (quite dangerous; 9% risk of failure)
Press: ? - help, Shift-Dir - straight line, f - Ijyb
Aim: Ijyb, wielding a +0 short sword of distortion, wearing a +0 ring mail and carrying a wand of iceblast (4)
You draw life force from Ijyb!
You feel life coursing into your body. Ijyb screams, "Me kill you!"
Ijyb hits you with a +0 short sword of distortion!
* * * LOW HITPOINT WARNING * * *
Casting: Vampiric Draining (quite dangerous; 9% risk of failure)
Confirm with . or Enter, or press ? or * to list all spells.
The spell is quite dangerous to miscast (9% risk of failure)!
Continue anyway?
Aiming: Vampiric Draining (quite dangerous; 9% risk of failure)
Press: ? - help, Shift-Dir - straight line, f/p - Ijyb
Aim: Ijyb, wielding a +0 short sword of distortion, wearing a +0 ring mail and carrying a wand of iceblast (4) (moderately wounded)
You draw life force from Ijyb!
You feel life coursing into your body. Ijyb barely misses you.
Casting: Vampiric Draining (quite dangerous; 9% risk of failure)
Confirm with . or Enter, or press ? or * to list all spells.
You don't have enough magic to cast this spell.
Aiming: Pain (safe; 3% risk of failure)
Press: ? - help, Q - select action, (/) - cycle Shift-Dir - straight line, f/p - Ijyb
Aim: Ijyb, wielding a +0 short sword of distortion, wearing a +0 ring mail and carrying a wand of iceblast (4) (almost dead, chance to affect: 80%) Ijyb barely resists.
Ijyb drinks a potion.
Ijyb is healed!
Okay, then.
Unknown command.
Unknown command.
You completely miss Ijyb.
Ijyb is severely wounded.
The frilled lizard hisses angrily.
Ijyb hits you with a +0 short sword of distortion.
* * * LOW HITPOINT WARNING * * *
Space warps around you.
* * * LOW HITPOINT WARNING * * *
Ijyb zaps a wand.
The mass of ice explodes!
The iceblast engulfs you! You partially resist.
Ouch! That really hurt!
You die...

### ................# #..#
........###.###########..#
.........................#
...............########.##
#.#.##..###.#### #.#
#.#.##..###.###########.#
.......lg..............#
.......##......######..#
.#$##.# #.@....# #..# #.
#......# #.## . #......#
#.# ## #......# #.#
#...<..# #.# #......# #.#
#......# #.# ##'##### #.#
##.####.##########.#


You could see Ijyb and a frilled lizard.

Vanquished Creatures
  An adder (D:2)
  A worm (D:2)
  3 dart slugs
  5 orcs (D:2)
  6 ball pythons
  2 endoplasms
  2 giant cockroaches (D:2)
  A goblin (D:2)
  2 hobgoblins (D:3)
  4 kobolds
  A quokka (D:2)
  2 bats (D:1)
  3 frilled lizards
  2 rats (D:2)
35 creatures vanquished.

Vanquished Creatures (others)
  6 fungi (D:3)
  4 plants (D:3)
10 creatures vanquished.

Grand Total: 45 creatures vanquished

Notes
Turn   | Place    | Note
-------+----------+-------------------------------------------
     0 | D:1      | Gabide the Mummy Necromancer began the quest for the Orb.
     0 | D:1      | Reached XP level 1. HP: 13/13 MP: 4/4
   479 | D:1      | Reached XP level 2. HP: 20/20 MP: 3/5
   858 | D:2      | Reached skill level 1 in Fighting
  1090 | D:2      | Reached XP level 3. HP: 25/26 MP: 0/7
  1160 | D:2      | Learned a level 3 spell: Vampiric Draining
  2285 | D:3      | Found a faded altar of an unknown god.
  2292 | D:3      | Prayed at the altar of an unknown god.
  2292 | D:3      | Became a worshipper of Lugonu the Unformed
  2292 | D:3      | Reached * piety under Lugonu
  2292 | D:3      | Reached ** piety under Lugonu
  2440 | D:3      | Noticed a phantom
  2513 | D:3      | HP: 1/26 [phantom (7)]
  2997 | D:3      | Noticed Ijyb
  3013 | D:3      | Killed from afar by Ijyb

Illustrated notes

Levels and vault maps discovered:
D:1:      dpeg_arrival_orchard, layout_basic
D:2:      layout_basic
D:3:      layout_basic, dreamdust_ecumenical_altar_hidden_monk_grotto,
          uniq_natasha, uniq_terence, uniq_ijyb, uniq_jessica

Skill      XL: |  1  2 |
---------------+-------+-----
Spellcasting   | 3 |  3.4
Fighting       | 1 |  1.4
Dodging        | 2 |  2.1
Stealth        | |  1.5
Necromancy     | |  4.3
Invocations    | |  0.2

Action                   || total
-------------------------++-------
Melee: Unarmed           ||    25
       Trident           ||     1
       Punch             ||     1
 Cast: Pain              ||    77
       Vampiric Draining ||     6
Invok: Bend Space        ||     1
  Use: Scroll            ||     1
Armor: Robe              ||    11
Dodge: Dodged            ||    35
